 Dungeon Crawl Stone Soup version 0.29.0-4-gdea44cf6ec (webtiles) character file.

Game seed: 5671476145530094636

147716 Strat the Force of Nature (level 16, -10/149 HPs)
             Began as a Minotaur Artificer on Aug 26, 2022.
             Was the Champion of Fedhas.
             Killed from afar by a salamander tyrant (33 damage)
             ... on level 4 of the Snake Pit on Aug 27, 2022.
             The game lasted 02:20:45 (33235 turns).

Strat the Force of Nature (Minotaur Artificer)     Turns: 33235, Time: 02:20:46

Health: -10/149    AC: 23    Str: 22    XL:     16   Next: 92%
Magic:  0/27       EV: 15    Int:  8    God:    Fedhas [******]
Gold:   2594       SH: 15    Dex: 20    Spells: 15/15 levels left

rFire   . . .      SeeInvis .   a - +1 flail (elec)
rCold   . . .      Faith    .   R - +1 kite shield {rN+}
rNeg    + . .      Spirit   +   O - +4 scale mail
rPois   +          Reflect  .   Z - +2 hat {Will+}
rElec   .          Harm     .   S - +0 cloak
rCorr   .          Rampage  .   j - +2 pair of gloves
Will    ++...                   W - +2 pair of boots
Stlth   +.........              D - amulet of guardian spirit
HPRegen 0.34/turn               X - ring of poison resistance
MPRegen 0.20/turn               q - +6 ring of dexterity

@: weakened, hasted, very quick
A: horns 2, retaliatory headbutt
a: Renounce Religion, Wall of Briars, Grow Ballistomycete, Overgrow, Grow Oklob


You were on level 4 of the Snake Pit.
You worshipped Fedhas.
Fedhas was exalted by your worship.
You visited 4 branches of the dungeon, and saw 26 of its levels.
You also visited: Ossuary and Ice Cave.

You collected 2594 gold pieces.

Inventory:

Hand Weapons
 a - a +1 flail of electrocution (weapon)
 t - a +1 broad axe
 E - a +0 morningstar
 Q - a +0 whip of electrocution
Missiles
 H - 20 poisoned darts
 J - 3 boomerangs of dispersal
 U - 5 javelins
Armour
 j - a +2 pair of gloves (worn)
 u - a scarf of invisibility
 O - a +4 scale mail (worn)
 R - a +1 kite shield of positive energy (worn)
 S - a +0 cloak (worn)
 W - a +2 pair of boots (worn)
 Z - a +2 hat of willpower (worn)
Jewellery
 e - a ring of see invisible
 p - a ring of flight
 q - a +6 ring of dexterity (right hand)
 r - a ring of positive energy
 x - a ring of protection from fire
 D - an amulet of guardian spirit (around neck)
 X - a ring of poison resistance (left hand)
Wands
 d - a wand of charming (12)
 s - a wand of mindburst (10)
 w - a wand of polymorph (8)
 C - a wand of iceblast (1)
 P - a wand of flame (13)
Scrolls
 f - 3 scrolls of enchant armour
 g - 3 scrolls of poison
 h - a scroll of silence
 k - 2 scrolls of enchant weapon
 m - a scroll of amnesia
 I - 13 scrolls of identify
 K - 3 scrolls of teleportation
 L - a scroll of butterflies
 T - 2 scrolls of magic mapping
Potions
 c - 5 potions of brilliance
 i - 2 potions of invisibility
 n - 4 potions of lignification
 o - a potion of might
 v - a potion of berserk rage
 A - 4 potions of ambrosia
 B - 4 potions of attraction
 F - 10 potions of curing
 G - 4 potions of mutation
 M - 5 potions of magic
 N - a potion of haste
 V - 2 potions of flight
 Y - 2 potions of resistance
Miscellaneous
 b - a lightning rod (4/4)
 y - a phantom mirror
 z - a piece from Xom's chessboard (15/15)


   Skills:
 + Level 15.5 Fighting
 - Level 14.0 Maces & Flails
 - Level 10.0 Armour
 - Level 10.0 Dodging
 - Level 0.8 Stealth
 - Level 15.0 Shields
 + Level 16.8 Invocations
 - Level 10.0 Evocations


You had 15 spell levels left.
You didn't know any spells.
Your spell library contained the following spells:

 Spells                   Type           Power      Damage    Failure   Level
 Beastly Appendage        Tmut           0%         N/A       86%         1
 Sandblast                Erth           0%         2d4       86%         1
 Slow                     Hex            0%         N/A       86%         1
 Blink                    Tloc           0%         N/A       95%         2
 Ensorcelled Hibernation  Hex/Ice        0%         N/A       95%         2
 Passwall                 Tmut/Erth      0%         N/A       95%         2
 Poisonous Vapours        Pois/Air       0%         N/A       95%         2
 Sublimation of Blood     Necr           0%         N/A       95%         2
 Wereblood                Tmut           0%         N/A       95%         2
 Confusing Touch          Hex            0%         N/A       99%         3
 Conjure Flame            Conj/Fire      0%         6-21      99%         3
 Dazzling Flash           Conj/Hex       0%         N/A       99%         3
 Frozen Ramparts          Ice            0%         1d1       99%         3
 Ignite Poison            Fire/Tmut/Pois 0%         N/A       99%         3
 Inner Flame              Hex/Fire       0%         N/A       99%         3
 Ozocubu's Armour         Ice            0%         N/A       99%         3
 Spider Form              Tmut/Pois      0%         N/A       99%         3
 Stone Arrow              Conj/Erth      0%         3d7       99%         3
 Swiftness                Air            0%         N/A       99%         3
 Vampiric Draining        Necr           0%         2d6       99%         3
 Anguish                  Hex/Necr       0%         N/A       100%        4
 Cause Fear               Hex            0%         N/A       100%        4
 Corpse Rot               Necr/Pois/Air  0%         N/A       100%        4
 Hailstorm                Conj/Ice       0%         3d3       100%        4
 Ice Form                 Ice/Tmut       0%         N/A       100%        4
 Petrify                  Tmut/Erth      0%         N/A       100%        4
 Sticky Flame             Conj/Fire      0%         2d3       100%        4
 Summon Ice Beast         Ice/Summ       0%         N/A       100%        4
 Agony                    Necr           0%         N/A       100%        5
 Freezing Cloud           Conj/Ice/Air   0%         6-21      100%        5
 Irradiate                Conj/Tmut      0%         3d11      100%        5
 Manifold Assault         Tloc           0%         N/A       100%        5
 Metabolic Englaciation   Hex/Ice        0%         N/A       100%        5
 Silence                  Hex/Air        0%         N/A       100%        5
 Conjure Ball Lightning   Conj/Air       0%         3x3d6     100%        6
 Simulacrum               Ice/Necr       0%         N/A       100%        6
 Storm Form               Tmut/Air       0%         N/A       100%        7
 Discord                  Hex            0%         N/A       100%        8
 Disjunction              Tloc           0%         N/A       100%        8


Dungeon Overview and Level Annotations

Branches:
Dungeon (15/15)            Temple (0/1) D:6            Lair (5/5) D:8
 Shoals (0/4) Lair:3        Snake (4/4) Lair:2        Slime (0/5) Lair:4
    Orc (2/2) D:9             Elf (0/3) Orc:2        Vaults (0/5) D:14
 Depths (0/4) D:15        Ossuary (visited)           IceCv (visited)

Altars:
Elyvilon
Fedhas
Hepliaklqana
Kikubaaqudgha
Ru
Trog
Uskayaw
Xom
Yredelemnul

Shops:
Orc:1 [*(*=   Orc:2 !:([

Annotations:
D:11 1 runed translucent door, LynnLen's ghost, novice SpEn
Lair:3 4 transporters, ChongLi's ghost, journeyman VSBr
Orc:1 2 transporters, bakla's ghost, journeyman DjFE


Innate Abilities, Weirdness & Mutations

You have a pair of horns on your head.
You reflexively headbutt those who attack you in melee.


Message History

The shock serpent attacks as you move away!
The shock serpent bites you. The shock serpent shocks you!
* * * LOW HITPOINT WARNING * * *
The shock serpent shoots out a bolt of lightning at you!
The bolt of electricity hits you!!
* * * LOW HITPOINT WARNING * * *
The shock serpent attacks as you move away!
The shock serpent bites you but does no damage.
The shock serpent shoots out a bolt of lightning at you!
The bolt of electricity misses you.
Aiming: Iceblast
Press: ? - help, Shift-Dir - straight line, f/p - shock serpent
Aim: a shock serpent (severely wounded, fast, covered in acid)
The mass of ice explodes!
The iceblast engulfs the shock serpent!
The shock serpent is almost dead.
The shock serpent's electric aura discharges, shocking you!
* * * LOW HITPOINT WARNING * * *
You block the shock serpent's attack.
You bludgeon the shock serpent!!
You kill the shock serpent!
Fedhas appreciates your contribution to the ecosystem.
The salamander tyrant hits your butterfly.
Your butterfly dies!
Your butterfly disappears in a burst of colours!
Something hits your butterfly!
Your butterfly dies!
Your butterfly disappears in a burst of colours!
The salamander tyrant gazes fiercely through you!
You feel as though you will be weak longer.
Things that are here:
a +0 short sword; a +0 shortbow
Things that are here:
a +0 shortbow; a +0 flail; a naga skeleton The salamander tyrant gazes fiercely through you!
You feel as though you will be weak longer.
There is an open door here.
The salamander tyrant rends the earth beneath you!
The blast of magma engulfs you!!!
You die...
Fedhas appreciates your contribution to the ecosystem.

.#.....N.#...##...#..##
.'...N...#..N#....#.N#
.#....N..#...#'...#..#
#N......#....#...#N.#
.'....N..#....##'##.##
.'.......#.......)b.#
.#.......#......).).#
#.#####'##.#
#.#....@.### .
#.....######
#.....#....#
#.....#....#
#.....#....#
.#####'#...#
...........#
#..........##
+..........##


You could see a salamander tyrant (fast).

Vanquished Creatures
  Jorgrun (D:13)
  Gastronok (Lair:2)
  Kirke (Snake:2)
  A nagaraja (Snake:3)
  An orc warlord (Orc:2)
  A quicksilver ooze (IceCv)
  A stone giant (D:15)
  Azrael (D:15)
  A yaktaur captain (D:14)
  5 anacondas
  Erolcha (Orc:2)
  A salamander tyrant (Snake:3)
  Erica (D:11)
  9 hydras
  2 ogre magi (Orc:2)
  2 centaur warriors
  A death knight (D:15)
  7 naga warriors
  13 slime creatures
  11 two-headed ogres
  16 death yaks
  2 shock serpents (Snake:4)
  13 naga sharpshooters
  2 fire crabs (Lair:5)
  2 iron trolls (Orc:2)
  4 skeletal warriors (D:11)
  4 salamander mystics
  3 deep trolls (D:15)
  A lindwurm (Lair:5)
  A phantasmal warrior (D:15)
  A lindwurm (shapeshifter) (D:14)
  2 naga ritualists (Snake:2)
  An orc knight (Orc:2)
  A wizard (D:15)
  Pikel (D:8)
  A necromancer (D:15)
  3 deep elf pyromancers
  4 mana vipers
  An orc sorcerer (Orc:2)
  7 salamanders
  13 ugly things
  5 cyclopes
  3 manticores
  4 elephants (Lair:5)
  22 black mambas
  5 naga magi
  11 cane toads
  A guardian serpent (Snake:1)
  2 ice statues (IceCv)
  Maggie (D:8)
  6 torpor snails
  A gargoyle (D:12)
  5 rime drakes
  4 komodo dragons
  An efreet (D:15)
  2 yaktaurs (D:14)
  3 tengu conjurers
  Grinder (D:6)
  10 polar bears
  12 trolls
  12 blink frogs
  7 hornets
  A tyrant leech (Lair:5)
  2 dream sheep (Lair:1)
  2 raiju (Lair:5)
  A snapping turtle (Lair:3)
  5 shadows
  4 wraiths
  5 wyverns
  28 yaks
  A vampire (D:11)
  A fire bat (shapeshifter) (D:14)
  4 hogs
  2 steam dragons
  4 basilisks
  3 fire elementals (D:15)
  4 vampire mosquitoes
  6 wargs
  23 nagas
  Menkaure (D:6)
  2 acid dragons
  13 water moccasins
  14 hell hounds
  2 ice beasts
  13 black bears
  3 great orb of eyes simulacra (IceCv)
  15 orc warriors
  27 wolves
  20 ogres
  5 centaurs
  5 slime creature simulacra (IceCv)
  2 lemures (D:8)
  14 bullfrogs
  3 kobold brigands
  5 scorpions
  13 wights
  A hornet simulacrum (D:13)
  4 killer bees (D:10)
  3 electric eels (D:12)
  6 howler monkeys
  12 orc priests
  6 hounds
  A gnoll bouda (D:7)
  2 iguanas (D:5)
  14 orc wizards
  20 hell rats
  5 shapeshifter simulacra (IceCv)
  2 hound zombies (Ossuary)
  5 mummies
  11 gnolls
  9 adders
  3 ufetubi
  3 adder zombies (Ossuary)
  A worm (D:5)
  3 dart slugs
  61 orcs
  7 ball pythons
  2 bats (D:1)
  5 endoplasms
  3 giant cockroaches
  5 goblins
  2 hobgoblins (D:1)
  5 jackals
  2 quokkas (D:1)
  2 frilled lizards (D:2)
  3 goblin zombies
  A hobgoblin zombie (D:7)
  6 kobolds
  A kobold zombie (Ossuary)
  An orc zombie (Ossuary)
  3 rats
  3 rat zombies (Ossuary)
  A spectral hobgoblin (D:1)
740 creatures vanquished.

Vanquished Creatures (collateral kills)
  Saint Roka (Orc:2)
  Vashnia (Snake:2)
  An azure jelly (IceCv)
  Agnes (D:15)
  An ice dragon (Lair:5)
  3 two-headed ogres (Orc:2)
  2 death yaks (Lair:4)
  A naga warrior (Snake:1)
  2 orc knights (Orc:2)
  3 tyrant leeches (Lair:5)
  A hornet (Lair:5)
  2 wargs (Orc:2)
  A hell hound (Lair:5)
  4 orc warriors (Orc:2)
  An ice beast (D:6)
  5 ogres (Orc:2)
  A wolf (Lair:5)
  An orc priest (Orc:2)
  An orc wizard (Orc:2)
  6 orcs
  9 ballistomycete spores (Orc:2)
48 creatures vanquished.

Vanquished Creatures (others)
  A lindwurm (Lair:4)
  A slime creature (IceCv)
  2 raiju (Lair:5)
  A yak (D:8)
  A vampire mosquito (D:7)
  An orc warrior (Orc:1)
  6 bushes (D:8)
  43 fungi
  100 plants
156 creatures vanquished.

Grand Total: 944 creatures vanquished

Notes
Turn   | Place    | Note
-------+----------+-------------------------------------------
     0 | D:1      | Strat the Minotaur Artificer began the quest for the Orb.
     0 | D:1      | Reached XP level 1. HP: 16/16 MP: 0/0
   120 | D:1      | Reached XP level 2. HP: 16/24 MP: 1/1
   364 | D:1      | Found a faded altar of an unknown god.
   610 | D:2      | Reached skill level 1 in Maces & Flails
   610 | D:2      | Reached XP level 3. HP: 25/31 MP: 2/2
   923 | D:2      | Reached XP level 4. HP: 21/38 MP: 3/3
  1504 | D:4      | Noticed a scorpion
  1516 | D:5      | Entered Level 5 of the Dungeon
  1516 | D:5      | Noticed a vampire mosquito
  1548 | D:4      | Noticed a scorpion
  1549 | D:4      | Noticed a black bear
  1550 | D:4      | Killed a scorpion
  1551 | D:4      | Reached skill level 5 in Maces & Flails
  1551 | D:4      | Reached XP level 5. HP: 42/45 MP: 4/4
  1556 | D:4      | Killed a black bear
  1557 | D:4      | Reached XP level 6. HP: 49/51 MP: 5/5
  1665 | D:4      | Found a hazy altar of Hepliaklqana.
  1666 | D:4      | Found a blossoming altar of Fedhas.
  1667 | D:4      | Found a basalt altar of Yredelemnul.
  1667 | D:4      | Found a white marble altar of Elyvilon.
  1678 | D:4      | Became a worshipper of Fedhas Madash
  1777 | D:4      | Noticed a water moccasin
  1896 | D:5      | Noticed a water moccasin
  1904 | D:5      | Killed a water moccasin
  1905 | D:5      | Reached XP level 7. HP: 39/57 MP: 6/6
  2171 | D:5      | Reached * piety under Fedhas
  2256 | D:5      | Reached skill level 10 in Maces & Flails
  2256 | D:5      | Reached XP level 8. HP: 63/63 MP: 7/7
  2360 | D:5      | Reached skill level 1 in Shields
  2607 | D:6      | Found a bloodstained altar of Trog.
  2866 | D:6      | Noticed Grinder
  2886 | D:6      | Killed Grinder
  2887 | D:6      | Reached skill level 5 in Fighting
  3039 | D:6      | Reached ** piety under Fedhas
  3046 | D:6      | Reached skill level 5 in Shields
  3055 | D:6      | Reached XP level 9. HP: 9/74 MP: 2/8
  3233 | D:6      | Found a staircase to the Ecumenical Temple.
  3702 | D:6      | Found a sacrificial altar of Ru.
  3811 | D:6      | Noticed Menkaure
  3817 | D:6      | Killed Menkaure
  4196 | D:7      | Found a sand-covered staircase.
  4204 | Ossuary  | Entered an ossuary
  4465 | D:7      | Reached skill level 1 in Invocations
  4640 | D:7      | Reached skill level 2 in Invocations
  4647 | D:7      | Noticed a deep elf pyromancer
  4657 | D:7      | Killed a deep elf pyromancer
  4658 | D:7      | Reached XP level 10. HP: 81/81 MP: 9/11
  4729 | D:7      | Identified the +5 ring mail of Zulihab {Int+7 SInv Stlth-}
  4889 | D:7      | Found a hide-covered altar of Uskayaw.
  4942 | D:8      | Noticed Pikel
  5091 | D:7      | Reached *** piety under Fedhas
  5495 | D:8      | Reached skill level 3 in Invocations
  5529 | D:8      | Killed Pikel
  5717 | D:8      | Reached skill level 4 in Invocations
  5781 | D:8      | Reached skill level 5 in Invocations
  5839 | D:8      | Reached skill level 6 in Invocations
  5864 | D:8      | Found a staircase to the Lair.
  5999 | D:8      | Noticed Maggie
  6160 | D:8      | Reached skill level 5 in Armour
  6240 | D:8      | Killed Maggie
  6245 | Lair:1   | Entered Level 1 of the Lair of Beasts
  6404 | Lair:1   | Noticed a torpor snail
  6418 | Lair:1   | Killed a torpor snail
  6419 | Lair:1   | Reached XP level 11. HP: 71/91 MP: 13/15
  6467 | Lair:1   | Reached **** piety under Fedhas
  6578 | Lair:1   | Reached skill level 7 in Invocations
  6918 | Lair:2   | Found a staircase to the Snake Pit.
  6973 | Lair:2   | Noticed a death yak
  6973 | Lair:2   | Noticed a death yak
  7161 | Lair:2   | Noticed Gastronok
  7682 | Lair:2   | Noticed a death yak
  7701 | Lair:1   | Killed a death yak
  7744 | Lair:2   | Killed Gastronok
  7745 | Lair:2   | Reached skill level 8 in Invocations
  7879 | Lair:2   | Reached skill level 10 in Fighting
  8142 | Lair:3   | Found a transporter.
  8151 | Lair:3   | Noticed a death yak
  8152 | Lair:3   | Noticed a five-headed hydra
  8152 | Lair:3   | Noticed a death yak
  8152 | Lair:3   | Noticed a death yak
  8227 | Lair:2   | Killed a death yak
  8228 | Lair:2   | Reached skill level 10 in Armour
  8228 | Lair:2   | Reached XP level 12. HP: 72/106 MP: 14/17
  8237 | Lair:2   | Killed a death yak
  8238 | Lair:2   | Reached skill level 9 in Invocations
  8525 | Lair:3   | Found a transporter.
  8717 | Lair:3   | Killed a five-headed hydra
  8766 | Lair:3   | Found a bloodstained altar of Trog.
  8766 | Lair:3   | Noticed ChongLi's ghost (journeyman VSBr)
  8817 | Lair:3   | Reached skill level 10 in Invocations
  8840 | Lair:3   | Noticed a death yak
  9015 | Lair:3   | Found a staircase to the Shoals.
  9060 | Lair:3   | Found a transporter.
  9069 | Lair:3   | Found a transporter.
  9089 | Lair:3   | Reached ***** piety under Fedhas
  9271 | Lair:3   | Killed a death yak
  9278 | Lair:3   | Killed a death yak
  9286 | Lair:3   | Killed a death yak
  9290 | Lair:3   | Killed a death yak
  9291 | Lair:3   | Reached skill level 10 in Shields
  9576 | Lair:4   | Noticed a seven-headed hydra
  9586 | Lair:4   | Killed a seven-headed hydra
  9587 | Lair:4   | Reached skill level 11 in Invocations
  9689 | Lair:4   | Noticed an eight-headed hydra
  9696 | Lair:4   | Killed an eight-headed hydra
  9980 | Lair:4   | Found a staircase to the Slime Pits.
 10047 | Lair:5   | Entered Level 5 of the Lair of Beasts
 10047 | Lair:5   | Noticed a death yak
 10047 | Lair:5   | Noticed a death yak
 10047 | Lair:5   | Noticed a death yak
 10047 | Lair:5   | Noticed a death yak
 10047 | Lair:5   | Noticed a death yak
 10047 | Lair:5   | Noticed a death yak
 10070 | Lair:4   | Killed a death yak
 10071 | Lair:4   | Reached XP level 13. HP: 82/113 MP: 15/20
 11907 | Lair:4   | Reached skill level 12 in Invocations
 12873 | Lair:5   | Reached ****** piety under Fedhas
 12945 | Lair:5   | Reached skill level 15 in Shields
 13016 | Lair:5   | Found a runed translucent door.
 13466 | Lair:5   | Reached skill level 13 in Invocations
 13889 | Lair:5   | Reached XP level 14. HP: 81/121 MP: 22/22
 15532 | Snake:1  | Entered Level 1 of the Snake Pit
 15693 | Snake:1  | Reached skill level 5 in Evocations
 16418 | D:9      | Found a staircase to the Orcish Mines.
 16714 | Orc:1    | Entered Level 1 of the Orcish Mines
 16722 | Orc:1    | Found Wamel Veyton's Jewellery Shoppe.
 16747 | Orc:1    | Found Caudul's CLEARANCE SALE!.
 16767 | Orc:1    | Found a transporter.
 16776 | Orc:1    | Found a transporter.
 16779 | Orc:1    | Noticed bakla's ghost (journeyman DjFE)
 16790 | Orc:1    | Found Moguin's Antique Armour Emporium.
 16795 | Orc:1    | Found Gassugh's Weapon Shop.
 17117 | Orc:1    | Found Muenie's General Store.
 17251 | Orc:1    | Found Imuymutz's Weapon Shop.
 17372 | Orc:2    | Entered Level 2 of the Orcish Mines
 17407 | Orc:2    | Found a staircase to the Elven Halls.
 17671 | Orc:2    | Noticed Saint Roka
 17694 | Orc:2    | Killed Saint Roka
 18272 | Orc:2    | Reached skill level 14 in Invocations
 18599 | Orc:2    | Found a bloodstained altar of Trog.
 18673 | Orc:2    | Found Barih's Distillery.
 18675 | Orc:2    | Found Erphafua's Book Emporium.
 18789 | Orc:2    | Found Unog's Antique Weapon Boutique.
 18790 | Orc:2    | Found Irol's Antique Armour Shop.
 19345 | Orc:2    | Noticed an orc warlord
 19398 | Orc:2    | Killed an orc warlord
 19399 | Orc:2    | Reached XP level 15. HP: 86/138 MP: 6/24
 19701 | Orc:2    | Noticed Erolcha
 19761 | Orc:2    | Killed Erolcha
 19907 | D:10     | Entered Level 10 of the Dungeon
 20524 | D:11     | Noticed Erica
 20536 | D:11     | Killed Erica
 21326 | D:11     | Found a runed translucent door.
 21327 | D:11     | Found a shimmering altar of Xom.
 21327 | D:11     | Noticed LynnLen's ghost (novice SpEn)
 21446 | D:12     | You fall into a shaft and drop 3 floors!
 21446 | D:15     | Entered Level 15 of the Dungeon
 21663 | D:15     | Found a staircase to the Depths.
 21864 | D:15     | Noticed Agnes
 21872 | D:15     | Killed Agnes
 21873 | D:15     | Reached skill level 5 in Dodging
 23037 | D:14     | Reached skill level 15 in Invocations
 23504 | D:12     | Noticed Jorgrun
 23521 | D:13     | Killed Jorgrun
 23776 | D:13     | Found a frozen archway.
 23790 | IceCv    | Entered an ice cave
 25064 | IceCv    | Found a viscous altar of Jiyva.
 25064 | IceCv    | Noticed an azure jelly
 25079 | IceCv    | Killed an azure jelly
 25107 | IceCv    | Got Neffa's Encyclopedia of Hoarfrost
 25977 | D:14     | Found a gate to the Vaults.
 26873 | D:15     | Noticed Azrael
 26899 | D:15     | Killed Azrael
 26910 | D:15     | Reached XP level 16. HP: 67/146 MP: 13/26
 27502 | D:14     | Found a faded altar of an unknown god.
 27502 | D:14     | Found a faded altar of an unknown god.
 27502 | D:14     | Found a faded altar of an unknown god.
 27504 | D:14     | Found a hazy altar of Hepliaklqana.
 29028 | Snake:2  | Noticed Kirke
 29150 | Snake:2  | Found an ancient bone altar of Kikubaaqudgha.
 29471 | Snake:2  | Noticed Vashnia
 29567 | Snake:2  | Killed Vashnia
 29568 | Snake:2  | Reached skill level 10 in Evocations
 29939 | Snake:2  | Reached skill level 10 in Dodging
 30453 | Snake:1  | Reached skill level 16 in Invocations
 31063 | Snake:2  | Killed Kirke
 31985 | Snake:3  | Reached skill level 15 in Fighting
 32528 | Snake:4  | Entered Level 4 of the Snake Pit
 33235 | Snake:4  | Killed from afar by a salamander tyrant

Illustrated notes

Levels and vault maps discovered:
D:1:      lemuel_arrival_rhombus, layout_rooms,
          dreamdust_ecumenical_altar_drowned_temple
D:2:      layout_rooms, minmay_snake_closets
D:3:      layout_basic
D:4:      layout_rooms, mainiacjoe_overflow_alcove_3, st_stairs_1
D:5:      layout_loops_ring, st_stairs_13
D:6:      layout_rooms, trog_antimagical, mainiacjoe_overflow_paths,
          minmay_temple_entry_slanted, minmay_fractal_squares_gapless_5,
          uniq_menkaure, uniq_grinder
D:7:      nzn_winding_woodlands_three_and_one [nzn_winding_woodlands_5x15_twine,
          nzn_winding_woodlands_5x15_pathside_ponds,
          nzn_winding_woodlands_5x15_default,
          nzn_winding_woodlands_center_diamonds], layout_gridville,
          nicolae_uskayaw_dance_hall, nicolae_ossuary_entry_giza,
          supply_closet_lemuel
D:8:      layout_loops_ring, minmay_lair_entry_grove, uniq_pikel, uniq_maggie
D:9:      layout_long_grid, orc_0_dummy, kennysheep_decorative_pillar
D:10:     layout_basic
D:11:     layout_long_grid, ebering_ghost_xom, kennysheep_another_room,
          uniq_erica
D:12:     layout_basic, uniq_jorgrun
D:13:     layout_gridville, portal_ice_cave_entry_pillars_2
D:14:     layout_irregular_city, david_vaults_2,
          nicolae_hepliaklqana_ecumenical_no_more
D:15:     hangedman_depths_entry_civil_slaughter, layout_loops_corners,
          chequers_avenue, minmay_misc_feat_rows, uniq_agnes, uniq_azrael
Lair:1:   layout_loops_ring
Lair:2:   layout_cave_pods, guppyfry_snake_entry_island, gauntlet_entry_generic,
          grunt_forest_small_clearings, uniq_gastronok
Lair:3:   gammafunk_cloud_chamber, layout_cave_pods, minmay_shoals_entry_hut,
          gammafunk_ghost_wrathful_warriors
Lair:4:   dpeg_oklob_gauntlet, layout_loops_ring, dpeg_slime_entry_enclosed,
          st_stairs_12, hangedman_lair_generics_rect, infiniplex_staircase_pool
Lair:5:   hangedman_lair_caniforms_friends, layout_cave_pods, wormcave,
          chequers_serial_rivers_small_b
Snake:1:  layout_cave_pods
Snake:2:  layout_grid_shapes, basic_altar, lemuel_fruit_tree, uniq_kirke,
          uniq_vashnia
Snake:3:  layout_concentric_octagons, nicolae_snake_gridmaze_squiggle,
          nicolae_snake_salamander_stairs
Snake:4:  grunt_snake_rune_pools, layout_cave_town, uniq_aizul
Orc:1:    layout_caves, serial_shops, nicolae_shop_hallway_stairs,
          nicolae_shop_advertising_works [nicolae_subvault_shop_adworks], shop,
          nicolae_shop_waterfront, shop, gammafunk_ghost_arena, abandoned_shop,
          nicolae_shop_clearance
Orc:2:    st_orc_open, layout_caves, david_defended_altar_orc, uniq_erolcha,
          uniq_saint_roka

Skill      XL: |  1  2  3  4  5  6  7  8  9 10 11 12 13 14 15 16 |
---------------+-------------------------------------------------+-----
Fighting       | 2 3 5 6 10 14 15 | 15.5
Maces & Flails | 1 3 5 7 10 11 13 14 | 14.0
Armour         | 3 4 6 10 | 10.0
Shields        | 5 8 11 15 | 15.0
Invocations    | 2 6 8 11 13 14 15 16 | 16.8
Evocations     | 3 6 9 10 | 10.0
Dodging        | 8 10 | 10.0
Stealth        | |  0.8

Action                   |  1- 3 |  4- 6 |  7- 9 | 10-12 | 13-15 | 16-18 || total
-------------------------+-------+-------+-------+-------+-------+-------++-------
Melee: Club              |    31 |       |       |       |       |       ||    31
       Headbutt          |    10 |     9 |    58 |   248 |   581 |   178 ||  1084
       Whip              |    18 |       |       |       |       |       ||    18
       Flail             |    36 |    76 |   280 |   790 |  1954 |   630 ||  3766
       Punch             |       |     1 |     3 |       |       |       ||     4
Invok: Overgrow          |       |       |       |       |     4 |     2 ||     6
       Grow Ballistomyce |       |       |       |       |     2 |       ||     2
       Grow Oklob        |       |       |       |       |     2 |       ||     2
 Abil: Evoke Invisibilit |       |       |       |       |     1 |       ||     1
Evoke: Wand              |     3 |    12 |    12 |    13 |    19 |     4 ||    63
       Lightning rod     |       |       |       |       |     2 |       ||     2
       Phantom mirror    |       |       |       |       |     1 |       ||     1
  Use: Scroll            |       |    14 |    11 |     7 |    19 |     7 ||    58
       Potion            |       |       |     5 |     2 |    12 |     3 ||    22
 Stab: Confused          |       |       |       |       |     3 |       ||     3
       Distracted        |       |       |       |       |     2 |       ||     2
       Invisible         |       |       |       |       |     3 |       ||     3
Armor: Leather armour    |     4 |       |       |       |       |       ||     4
       Ring mail         |    24 |       |       |       |       |       ||    24
       Scale mail        |    10 |    46 |    15 |   218 |   687 |   180 ||  1156
       Chain mail        |       |       |   140 |       |       |       ||   140
Dodge: Dodged            |    53 |    40 |    94 |   193 |   507 |   209 ||  1096
Block: Kite shield       |       |       |    65 |   350 |  1171 |   409 ||  1995
